 Dungeon Crawl Stone Soup version 0.16-a0-3086-ga63ba9b (webtiles) character file.

125 stonewall the Skirmisher (level 4, -4/37 HPs)
             Began as a Mummy Arcane Marksman on Dec 11, 2014.
             Was an Initiate of Okawaru.
             Slain by a sky beast (6 damage)
             ... on level 4 of the Dungeon.
             The game lasted 00:03:02 (2880 turns).

stonewall the Skirmisher (Mummy Arcane Marksman)    Turns: 2880, Time: 00:03:03

Health: -4/37      AC:  3    Str: 15    XL:     4   Next: 82%
Magic:  5/5        EV: 11    Int: 12    God:    Okawaru [......]
Gold:   52         SH:  0    Dex: 11    Spells: 1 memorised, 4 levels left

rFire  x . .     SeeInvis .     k - +0 great sword
rCold  + + .     Clarity  .     e - +0 leather armour
rNeg   + + +     SustAb   .     (no shield)
rPois  ∞         Gourm    .     (no helmet)
rElec  .         Spirit   .     (no cloak)
rCorr  .         Warding  .     (no gloves)
rMut   .         Stasis   .     (no boots)
MR     .....                    (no amulet)
Stlth  ++........               n - ring of stealth
                                i - ring of protection from cold (curse)

@: not resistant to hostile enchantments, unstealthy
A: no food or potions, fire vulnerability, restore body, cold resistance 1,
negative energy resistance 3, poison resistance, torment resistance, unbreathing
a: Renounce Religion


You were on level 4 of the Dungeon.
You worshipped Okawaru.
Okawaru was noncommittal.
You were not hungry.

You visited 1 branch of the dungeon, and saw 5 of its levels.

You collected 52 gold pieces.

Inventory:

Hand weapons
 b - a +0 hunting sling
 k - a +0 great sword (weapon)
Missiles
 c - 17 sling bullets
 f - 59 stones (quivered)
Armour
 a - a +0 robe
 e - a +0 leather armour (worn)
Jewellery
 i - a cursed ring of protection from cold (left hand)
 n - a ring of stealth (right hand)
Scrolls
 g - 5 scrolls of identify {unknown}
 h - a scroll of enchant weapon {unknown}
 j - 3 scrolls of remove curse {unknown}
 l - a scroll of fog {unknown}
 m - 2 scrolls of blinking {unknown}
 o - 2 scrolls of random uselessness {unknown}
Books
 d - a book of Debilitation

   Spells                             Type                      Level
   a - Corona                         Hexes                        1
   b - Slow                           Hexes                        2
   c - Inner Flame                    Hexes/Fire                   3
   d - Enslavement                    Hexes                        4
   e - Cause Fear                     Hexes                        4
   f - Leda's Liquefaction            Hexes/Earth                  4


   Skills:
 - Level 4.0 Fighting
 + Level 1.7 Long Blades
 - Level 1.5 Slings
 - Level 1.5 Dodging
 - Level 1.0 Spellcasting
 - Level 2.6 Hexes


You had 4 spell levels left.
You knew the following spells:

 Your Spells              Type           Power        Failure   Level  Hunger
a - Corona                Hex            #......      12%         1    N/A

Dungeon Overview and Level Annotations

Branches:
Dungeon (5/15)
 Temple: D:4-7

Altars:
Cheibriados
Elyvilon
Okawaru
Qazlal
Xom
Yredelemnul


Innate Abilities, Weirdness & Mutations

You do not eat or drink.
Your flesh is vulnerable to fire.
Your flesh is cold resistant.
You are immune to negative energy.
Your system is resistant to poisons.
You are immune to unholy pain and torment.
You can survive without breathing.


Message History

The bat barely misses you. The bat barely misses you.
There is a stone staircase leading up here.
The bat barely misses you. The sky beast barely misses you.
You climb upwards.
An orc comes into view. It is wielding a hand axe.
There is a stone staircase leading down here.
The orc shouts!
A bat comes into view.
You barely miss the sky beast. The sky beast hits you.
* * * LOW HITPOINT WARNING * * *
The sky beast shocks you.
* * * LOW HITPOINT WARNING * * *
You hit the sky beast.
The sky beast is lightly wounded.
The sky beast hits you but does no damage.
The sky beast hits you.
* * * LOW HITPOINT WARNING * * *
The sky beast shocks you.
You die...

# # # #.#. ####
.# #.... ..# ..
##...##.#.######
+....oY@........
#....##.#.######
#... #.# # #..
#.# #. #.# # ...
..# #.# ###


You could see a sky beast and an orc.

Vanquished Creatures
  7 adders
  A giant mite (D:3)
  A giant gecko (D:3)
  A bat skeleton (D:5)
  2 giant cockroaches
  5 hobgoblins
  7 jackals (D:2)
  10 kobolds
  A ball python (D:3)
  7 bats
  2 giant newts (D:2)
  6 goblins
  9 rats
59 creatures vanquished.

Notes
Turn   | Place    | Note
--------------------------------------------------------------
     0 | D:1      | stonewall, the Mummy Arcane Marksman, began the quest for the Orb.
     0 | D:1      | Reached XP level 1. HP: 15/15 MP: 2/2
   331 | D:1      | Reached XP level 2. HP: 22/22 MP: 3/3
   763 | D:2      | Reached skill level 3 in Fighting
   763 | D:2      | Reached XP level 3. HP: 20/29 MP: 4/4
  1560 | D:2      | Reached skill level 4 in Fighting
  1560 | D:2      | Reached XP level 4. HP: 19/37 MP: 5/5
  2060 | D:3      | Found an iron altar of Okawaru.
  2120 | D:3      | Became a worshipper of Warmaster Okawaru
  2354 | D:3      | Reached skill level 1 in Long Blades
  2713 | D:3      | Found a snail-covered altar of Cheibriados.
  2721 | D:3      | Found a basalt altar of Yredelemnul.
  2722 | D:3      | Found a white marble altar of Elyvilon.
  2724 | D:3      | Found a shimmering altar of Xom.
  2725 | D:3      | Found a stormy altar of Qazlal.
  2847 | D:5      | Entered Level 5 of the Dungeon
  2847 | D:5      | Noticed a sky beast
  2880 | D:4      | Slain by a sky beast

Action                   |  1- 3 |  4- 6 || total
-------------------------+-------+-------++-------
Melee: Great sword       |       |    52 ||    52
 Fire: Hunting sling     |   152 |     3 ||   155
 Stab: Sleeping          |       |     2 ||     2
